 Dungeon Crawl Stone Soup version 0.27-a0-1331-g60ef6b6952 (webtiles) character file.

Game seed: 17615174716308508132

7295 Delamore the Slicer (level 11, -7/74 HPs)
             Began as an Octopode Brigand on June 25, 2021.
             Was an Initiate of Gozag.
             Shot with a sling bullet by Joseph (13 damage)
             ... on level 10 of the Dungeon.
             The game lasted 00:24:38 (14973 turns).

Delamore the Slicer (Octopode Brigand)             Turns: 14973, Time: 00:24:39

Health: -7/74      AC:  2    Str: 11    XL:     11   Next: 13%
Magic:  11/11      EV: 17    Int: 15    God:    Gozag
Gold:   570        SH:  5    Dex: 18    Spells: 10/10 levels left

rFire    . . .     SeeInvis .   y - +0 short sword (elec)
rCold    . . .     Faith    .   (no shield)
rNeg     + . .     Spirit   .   (helmet restricted)
rPois    .         Reflect  +   x - amulet of reflection
rElec    .         Harm     .   n - ring of resist corrosion
rCorr    +         Rampage  .   u - ring of positive energy
Will     .....                  K - ring of the Octopus King {Fly AC+1 EV+1 Str+1 Int+1 Dex+1}
Stlth    ++++++....             (no ring)
HPRegen  0.22/turn              (no ring)
MPRegen  0.12/turn              (no ring)
                                (no ring)
                                (no ring)

@: flying
A: almost no armour, amphibious, 8 rings, camouflage 1, gelatinous body 1,
(nimble swimmer 1), tentacles
a: Renounce Religion, Potion Petition, Call Merchant, Bribe Branch


You were on level 10 of the Dungeon.
You worshipped Gozag.
Gozag was pleased with you.
You visited 2 branches of the dungeon, and saw 11 of its levels.

You collected 1680 gold pieces.
You spent 542 gold pieces at shops.
You paid 568 gold pieces to Gozag.

Inventory:

Hand Weapons
 a - a +2 dagger
 y - a +0 short sword of electrocution (weapon)
Missiles
 m - a javelin (quivered)
 o - 11 boomerangs
Armour
 I - a +0 tower shield
Jewellery
 n - a ring of resist corrosion (left tentacle)
 u - a ring of positive energy (right tentacle)
 x - an amulet of reflection (around mantle)
 K - a ring of the Octopus King (on tentacle) {Fly AC+1 EV+1 Str+1 Int+1 Dex+1}
   (You bought it in a shop on level 6 of the Dungeon)

   [ring of flight]

   It affects your AC (+1).
   It affects your evasion (+1).
   It affects your strength (+1).
   It affects your intelligence (+1).
   It affects your dexterity (+1).
   It grants you flight.
 L - a ring of magical power
Wands
 b - a wand of mindburst (18)
 c - a wand of flame (4)
 t - a wand of polymorph (5)
 C - a wand of charming (4)
Scrolls
 i - a scroll of magic mapping
 j - 4 scrolls of teleportation
 k - a scroll of holy word
 p - 3 scrolls of noise
 v - 2 scrolls of amnesia
 w - a scroll of fog
 A - 2 scrolls of enchant weapon
 D - 2 scrolls of enchant armour {unknown}
 F - a scroll of torment
Potions
 d - a potion of curing
 e - a potion of magic
 f - a potion of ambrosia {unknown}
 h - 2 potions of attraction {unknown}
 l - a potion of berserk rage {unknown}
 q - 2 potions of haste {unknown}
 r - a potion of lignification {unknown}
 z - a potion of mutation {unknown}
 B - a potion of degeneration {unknown}
 E - 2 potions of resistance {unknown}
 H - a potion of invisibility {unknown}
 J - a potion of brilliance {unknown}
Miscellaneous
 G - a phial of floods (inert)


   Skills:
 + Level 6.4 Fighting
 * Level 11.6 Short Blades
 + Level 3.6 Throwing
 + Level 6.4 Dodging
 - Level 10.0 Stealth
 - Level 5.0 Evocations


You had 10 spell levels left.
You didn't know any spells.
Your spell library contained the following spells:

 Spells                   Type           Power      Damage    Failure   Level
 Animate Skeleton         Necr           0%         N/A       26%         1
 Apportation              Tloc           0%         N/A       26%         1
 Corona                   Hex            0%         N/A       26%         1
 Magic Dart               Conj           0%         1d3       26%         1
 Summon Small Mammal      Summ           0%         N/A       26%         1
 Searing Ray              Conj           0%         3d3       38%         2
 Confusing Touch          Hex            0%         N/A       63%         3
 Dazzling Flash           Conj/Hex       0%         N/A       63%         3
 Gell's Gravitas          Tloc           0%         N/A       63%         3
 Fulminant Prism          Conj/Hex       0%         3d6       95%         4
 Iskenderun's Mystic Bla  Conj/Tloc      0%         2d3       95%         4
 Petrify                  Tmut/Erth      0%         N/A       95%         4
 Metabolic Englaciation   Hex/Ice        0%         N/A       100%        5
 Yara's Violent Unravell  Hex/Tmut       0%         3d3       100%        5


Dungeon Overview and Level Annotations

Branches:
Dungeon (10/15)            Temple (1/1) D:4
   Lair: D:8-11         Orc: D:9-12

Altars:
Ashenzari
Cheibriados
Elyvilon
Fedhas
Gozag
Hepliaklqana
Okawaru
Qazlal
Ru
Sif Muna
Vehumet
Wu Jian
Xom
Zin
The Shining One
Beogh

Shops:
D:5 (   D:6 =?

Annotations:
D:7 2 runed translucent doors, Feb132020's ghost, novice DEAE
D:9 4 runed translucent doors, BlueGoblin's ghost, novice GnAr
D:10 Joseph


Innate Abilities, Weirdness & Mutations

You cannot wear most types of armour.
You are amphibious.
You can wear up to eight rings at the same time.
Your skin changes colour to match your surroundings (Stealth+).
Your rubbery body absorbs attacks. (AC +1, EV +1)
((You are camouflaged near water. (Stealth+)))
You have tentacles for arms and can constrict up to eight enemies at once.


Message History

You constrict the black bear.
You kill the black bear!
No target in view!
No target in view!
You now have 570 gold pieces (gained 6).
You start resting.
Joseph, a Mercenary comes into view.
He is wielding a +0 quarterstaff.
You throw a poisoned dart. The poisoned dart hits Joseph.
Joseph is poisoned.
Joseph shouts!
You hear an angry hiss.
No target in view!
A bullfrog comes into view.
You throw a javelin. The bullfrog croaks.
The javelin pierces through Joseph!
Joseph is lightly wounded.
You hear an angry hiss.
Joseph unwields a +0 quarterstaff.
Joseph wields a +4 hunting sling of freezing.
It is covered in frost.
Joseph shoots a sling bullet.
The sling bullet hits you! The sling bullet freezes you.
You throw a javelin.
The javelin pierces through the bullfrog!
The bullfrog is heavily wounded.
The javelin pierces through the plant!
The plant begins to die.
The plant is lightly damaged.
The bullfrog snags a nearby mosquito with its tongue.
Joseph shoots a sling bullet.
The sling bullet hits you!! The sling bullet freezes you!
* * * LOW HITPOINT WARNING * * *
A komodo dragon comes into view.
The bullfrog snags a nearby mosquito with its tongue.
Joseph shoots a sling bullet.
The sling bullet misses you.
Joseph shoots a sling bullet.
The sling bullet hits you!
* * * LOW HITPOINT WARNING * * *
The sling bullet freezes you.
* * * LOW HITPOINT WARNING * * *
Joseph looks more healthy.
Joseph shoots a sling bullet.
The sling bullet hits you!
You die...
Your body crumbles into a pile of gold.

P.. ....# ...# ....#
..... ....# ..P..
....# ...... ....# $
.P.(..#####....#
P.P..(.F.......#
.P.P......@....#
P..#...........#
#...........# F.
#...........# .P
#...........#
##..######@..........#
#......<.l...........#
#.......(#...........#
#........#...........#


You could see Joseph, a komodo dragon and a bullfrog.

Vanquished Creatures
  A two-headed ogre (D:8)
  Pikel (D:5)
  An unseen horror (D:10)
  2 trolls
  A wyvern (D:7)
  9 yaks
  A vampire mosquito (D:6)
  A steam dragon (D:9)
  Menkaure (D:6)
  Edmund (D:5)
  Duvessa (D:5)
  2 water moccasins
  2 ice beasts
  2 orc warriors
  A sky beast (D:6)
  4 black bears
  2 centaurs
  2 ogres
  2 kobold brigands
  A bullfrog (D:8)
  5 scorpions
  Blork the orc (D:4)
  Dowan (D:5)
  A wyvern skeleton (D:7)
  3 killer bees
  2 howler monkeys (D:9)
  2 electric eels (D:7)
  4 centaur zombies
  3 orc priests
  7 hounds
  A gnoll shaman (D:7)
  9 orc wizards
  6 adders
  3 gnolls (D:7)
  2 shadow imps
  3 white imps
  An ufetubus (D:6)
  2 worms
  2 dart slugs
  30 orcs
  12 ball pythons
  9 endoplasms
  4 giant cockroaches
  6 goblins
  5 hobgoblins
  2 jackals (D:1)
  27 kobolds
  A quokka (D:1)
  3 bats
  4 frilled lizards
  5 rats
204 creatures vanquished.

Vanquished Creatures (others)
  A kobold (D:4)
  7 fungi (D:10)
  79 plants
87 creatures vanquished.

Grand Total: 291 creatures vanquished

Notes
Turn   | Place    | Note
-------+----------+-------------------------------------------
     0 | D:1      | Delamore the Octopode Brigand began the quest for the Orb.
     0 | D:1      | Reached XP level 1. HP: 14/14 MP: 1/1
   176 | D:1      | Reached XP level 2. HP: 19/19 MP: 2/2
   629 | D:1      | Reached XP level 3. HP: 25/25 MP: 3/3
   843 | D:1      | You fall into a shaft and drop 1 floor!
   913 | D:2      | Found a white marble altar of Elyvilon.
  1412 | D:2      | Reached XP level 4. HP: 30/30 MP: 4/4
  2266 | D:3      | Reached skill level 3 in Short Blades
  2266 | D:3      | Reached XP level 5. HP: 26/36 MP: 5/5
  2522 | D:3      | Found a sacrificial altar of Ru.
  2620 | D:3      | Found an opulent altar of Gozag.
  2758 | D:3      | Became a worshipper of Gozag Ym Sagoz the Greedy
  2876 | D:3      | Found a faded altar of an unknown god.
  2909 | D:4      | Found a staircase to the Ecumenical Temple.
  3091 | D:4      | Noticed an ogre
  3179 | D:4      | Killed an ogre
  3180 | D:4      | Reached XP level 6. HP: 33/42 MP: 6/6
  3306 | D:4      | Noticed an orc warrior
  3739 | D:4      | HP: 2/43 [kobold/stone (1)]
  4363 | D:4      | Found a snail-covered altar of Cheibriados.
  4364 | D:4      | Found a shimmering blue altar of Sif Muna.
  4506 | Temple   | Entered the Ecumenical Temple
  4823 | D:4      | Reached XP level 7. HP: 47/47 MP: 7/7
  4854 | D:4      | Found a shimmering altar of Xom.
  5006 | D:4      | Reached skill level 4 in Short Blades
  5743 | D:5      | Entered Level 5 of the Dungeon
  5744 | D:5      | Noticed Blork the orc
  5748 | D:5      | Noticed Pikel
  5753 | D:4      | Killed Blork the orc
  5802 | D:5      | Killed Pikel
  5803 | D:5      | Reached skill level 5 in Fighting
  5803 | D:5      | Reached skill level 5 in Short Blades
  5803 | D:5      | Reached XP level 8. HP: 14/55 MP: 8/8
  6496 | D:5      | Found Onededd's Weapon Emporium.
  6602 | D:5      | Noticed Edmund
  6613 | D:5      | Reached skill level 5 in Dodging
  6629 | D:5      | Killed Edmund
  6630 | D:5      | Reached skill level 1 in Evocations
  7089 | D:5      | Noticed Dowan
  7092 | D:5      | Noticed Duvessa
  7101 | D:5      | Killed Duvessa
  7103 | D:5      | Killed Dowan
  7104 | D:5      | Reached skill level 6 in Short Blades
  7402 | D:6      | Reached XP level 9. HP: 57/61 MP: 9/9
  7763 | D:6      | Reached skill level 10 in Stealth
  8083 | D:6      | Noticed Menkaure
  8088 | D:6      | Killed Menkaure
  8369 | D:6      | Found Janet's Magic Scroll Boutique.
  8377 | D:6      | Bought a scroll of noise for 11 gold pieces
  8377 | D:6      | Bought a scroll of fog for 22 gold pieces
  8411 | D:6      | Reached skill level 7 in Short Blades
  8424 | D:6      | Reached skill level 5 in Evocations
  8479 | D:6      | Reached skill level 8 in Short Blades
  9161 | D:7      | Identified the +7 falchion of Pimaen {drain, rElec Will-
                  | Int+4}
  9187 | D:7      | Found a large runed translucent door.
  9193 | D:7      | Found a large runed translucent door.
  9195 | D:7      | Noticed Feb132020's ghost (novice DEAE)
  9502 | D:7      | Reached skill level 9 in Short Blades
 10293 | D:6      | Bought a ring of the Octopus King {Fly AC+1 EV+1 Str+1
                  | Int+1 Dex+1} for 509 gold pieces
 10293 | D:6      | Found the ring of the Octopus King {Fly AC+1 EV+1 Str+1
                  | Int+1 Dex+1}
 10677 | D:8      | Reached XP level 10. HP: 66/66 MP: 10/10
 10766 | D:8      | Noticed a two-headed ogre
 10784 | D:8      | Killed a two-headed ogre
 10785 | D:8      | Reached skill level 10 in Short Blades
 12700 | D:8      | Found a hazy altar of Hepliaklqana.
 12923 | D:7      | Reached skill level 11 in Short Blades
 13835 | D:9      | Found a runed translucent gate.
 13835 | D:9      | Found a runed translucent gate.
 13836 | D:9      | Found a runed translucent gate.
 13838 | D:9      | Noticed BlueGoblin's ghost (novice GnAr)
 14058 | D:9      | Found a runed translucent door.
 14058 | D:9      | Noticed a two-headed ogre
 14058 | D:9      | Noticed a cyclops
 14065 | D:9      | Noticed a two-headed ogre
 14516 | D:10     | Entered Level 10 of the Dungeon
 14527 | D:10     | Reached XP level 11. HP: 72/72 MP: 11/11
 14966 | D:10     | Noticed Joseph
 14973 | D:10     | Shot with a sling bullet by Joseph

Illustrated notes

Levels and vault maps discovered:
D:1:      minmay_arrival_three_doors, layout_basic
D:2:      layout_basic, basic_altar
D:3:      layout_rooms, lemuel_doored_altar, amcnicky_altar_gilded,
          dilly_ecumenical_altar_fadedgnrine, kennysheep_generic_room_5
D:4:      kennysheep_kobold_camp, layout_loops_ring,
          lemuel_coloured_pillars_altar, gammafunk_temple_overflow_statue,
          minmay_temple_entry_trees, minmay_misc_feat_x
D:5:      layout_loops_cross, serial_shops, shop, uniq_blork_the_orc,
          uniq_pikel, uniq_duvessa, uniq_edmund
D:6:      minmay_diamond_boxcup, layout_loops_corners, serial_shops,
          nicolae_stop_n_shop_1, uniq_menkaure
D:7:      layout_cave_pools, ebering_ghost_disaster_area, serial_column_ruins,
          column_ruins_hut_ruined, column_ruins_open_tiny,
          column_ruins_corridor_straight, column_ruins_open_medium_water,
          column_ruins_grid_3, column_ruins_grid_2, minivault_14
D:8:      layout_cave_pools, kennysheep_mini, lightli_corner_chamber
D:9:      layout_irregular_city, biasface_ghost_orc_armoury, minmay_st_funbox
D:10:     layout_stronghold, trog_wizard, general_overflow_altar,
          grunt_lair_entry_orc_guard_hut, uniq_joseph
Temple:   eino_narrow_crystal_temple

Skill      XL: |  1  2  3  4  5  6  7  8  9 10 |
---------------+-------------------------------+-----
Stealth        | 6 7 8 9 10 | 10.0
Dodging        | 2 3 4 5 6 |  6.4
Fighting       | 3 5 6 |  6.4
Short Blades   | 3 5 6 9 11 | 11.6
Evocations     | 2 5 |  5.0
Throwing       | 3 |  3.6

Action                   |  1- 3 |  4- 6 |  7- 9 | 10-12 || total
-------------------------+-------+-------+-------+-------++-------
Melee: Dagger            |    69 |   122 |    37 |       ||   228
       Constrict         |    17 |    33 |    28 |    11 ||    89
       Tentacles         |    11 |    25 |    45 |    31 ||   112
       Short sword       |       |       |   121 |   156 ||   277
Throw: Dart              |     2 |    43 |    51 |    16 ||   112
       Boomerang         |       |    12 |     2 |    54 ||    68
       Javelin           |       |       |     4 |     5 ||     9
Invok: Call Merchant     |       |       |     1 |       ||     1
Evoke: Wand              |       |       |    10 |    11 ||    21
       Phial of floods   |       |       |       |     1 ||     1
  Use: Potion            |       |     1 |       |     3 ||     4
       Scroll            |       |       |     7 |     2 ||     9
 Stab: Sleeping          |    10 |     3 |    15 |     5 ||    33
       Distracted        |       |     1 |       |       ||     1
Armor: Skin              |     2 |     9 |     3 |     7 ||    21
Dodge: Dodged            |    41 |    78 |    73 |    89 ||   281
Block: Other             |       |       |    18 |    26 ||    44
       Reflection        |       |       |     3 |       ||     3

Table legend: (Time is in decaauts)
 A = Elapsed time spent in this place.
 B = Non-inter-level travel time spent in this place.
 C = Inter-level travel time spent in this place.
 D = Time resting spent in this place.
 E = Time spent auto-exploring this place.
 F = Levels seen in this place.
 G = Mean time per level.
                   A        B        C        D        E       F      G
               +--------+--------+--------+--------+--------+-----+--------+
         Total |  14851 |  14300 |    551 |   5178 |   7078 |  11 | 1350.1 |
       Dungeon |  14556 |  14005 |    551 |   4901 |   7078 |  10 | 1455.6 |
        Temple |    295 |    295 |      0 |    277 |      0 |   1 |  295.0 |
               +--------+--------+--------+--------+--------+-----+--------+

Top non-repeatable levels by time:
     D:7: 2539 daAuts
     D:4: 2232 daAuts
     D:5: 1839 daAuts
     D:6: 1738 daAuts
     D:8: 1635 daAuts
     D:3: 1261 daAuts
     D:2: 1128 daAuts
     D:9: 1027 daAuts
     D:1: 837 daAuts
    D:10: 315 daAuts
  Temple: 295 daAuts
